 Dungeon Crawl Stone Soup version 0.29-a0-559-g359e09b9d1 (webtiles) character file.

Game seed: 9577082808902352134

561 vulpzor the Ducker (level 7, -5/55 HPs)
             Began as a Merfolk Gladiator on June 10, 2022.
             Was a Believer of Fedhas.
             Slain by an ogre
             ... wielding a +0 giant club
              (12 damage)
             ... on level 5 of the Dungeon.
             The game lasted 00:11:35 (4729 turns).

vulpzor the Ducker (Merfolk Gladiator)              Turns: 4729, Time: 00:11:36

Health: -5/55      AC: 12    Str: 14    XL:     7   Next: 31%
Magic:  7/7        EV:  8    Int:  8    God:    Fedhas [**....]
Gold:   159        SH:  0    Dex: 17    Spells: 6/6 levels left

rFire   + + .      SeeInvis +   a - +0 trident
rCold   x . .      Faith    .   (no shield)
rNeg    . . .      Spirit   .   u - +2 chain mail "Mujiumadu" {SInv}
rPois   .          Reflect  .   v - +2 hat
rElec   .          Harm     .   (no cloak)
rCorr   .          Rampage  .   (no gloves)
Will    .....                   (no boots)
Stlth   ..........              x - amulet of magic regeneration
HPRegen 0.18/turn               k - ring of fire
MPRegen 0.50/turn               m - ring of protection from fire

@: no status effects
A: (nimble swimmer 2), mertail
a: Renounce Religion, Wall of Briars


You were on level 5 of the Dungeon.
You worshipped Fedhas.
Fedhas was pleased with you.
You visited 1 branch of the dungeon, and saw 5 of its levels.

You collected 159 gold pieces.

Inventory:

Hand Weapons
 a - a +0 trident (weapon)
 n - a +2 dagger of speed
 p - a +0 whip of venom
 B - a +2 dagger of pain
Missiles
 d - 4 throwing nets (quivered)
 e - a javelin
Armour
 b - a +0 leather armour
 c - a +0 helmet
 h - a +0 ring mail
 u - the +2 chain mail "Mujiumadu" (worn) {SInv}
   (You found it on level 2 of the Dungeon)

   SInv:      It lets you see invisible.
 v - a +2 hat (worn)
Jewellery
 k - a ring of fire (left hand)
 m - a ring of protection from fire (right hand)
 x - an amulet of magic regeneration (around neck)
Scrolls
 i - a scroll of blinking {unknown}
 l - 2 scrolls of fog {unknown}
 o - 2 scrolls of poison {unknown}
 r - 6 scrolls of identify {unknown}
 s - a scroll of torment {unknown}
 t - 6 scrolls of teleportation {unknown}
 w - 2 scrolls of vulnerability {unknown}
 y - a scroll of enchant armour {unknown}
 D - a scroll of noise {unknown}
 E - a scroll of enchant weapon {unknown}
Potions
 f - a potion of lignification {unknown}
 g - 2 potions of might {unknown}
 j - a potion of heal wounds {unknown}
 q - a potion of curing {unknown}
 z - 2 potions of flight {unknown}
 A - a potion of mutation {unknown}
 C - a potion of resistance {unknown}


   Skills:
 + Level 4.5 Fighting
 + Level 6.3 Polearms
 + Level 4.2 Throwing
 + Level 6.4 Dodging


You had 6 spell levels left.
You didn't know any spells.
Your spell library contained the following spells:

 Spells                   Type           Power      Damage    Failure   Level
 Summon Small Mammal      Summ           0%         N/A       100%        1
 Sublimation of Blood     Necr           0%         N/A       100%        2
 Wereblood                Tmut           0%         N/A       100%        2
 Call Canine Familiar     Summ           0%         N/A       100%        3
 Gell's Gravitas          Tloc           0%         N/A       100%        3
 Lesser Beckoning         Tloc           0%         N/A       100%        3
 Portal Projectile        Hex/Tloc       0%         N/A       100%        3
 Summon Guardian Golem    Hex/Summ       0%         N/A       100%        3
 Teleport Other           Tloc           0%         N/A       100%        3
 Tukima's Dance           Hex            0%         N/A       100%        3
 Blade Hands              Tmut           0%         N/A       100%        5
 Summon Hydra             Summ           0%         N/A       100%        7


Dungeon Overview and Level Annotations

Branches:
Dungeon (5/15)
 Temple: D:4-7

Altars:
Fedhas

Shops:
D:1 *


Innate Abilities, Weirdness & Mutations

((You are very nimble when in or above water. (Stealth+, EV+, Speed+++)))
Your lower body shifts to a powerful aquatic tail in water.


Message History

The phantom is almost destroyed.
The phantom closely misses you.
You barely miss the phantom.
The phantom is almost destroyed.
The phantom hits you.
You puncture the phantom!
You destroy the phantom!
Fedhas accepts your kill.
You hit the iguana.
The iguana is moderately wounded.
The iguana bites you but does no damage.
You hit the iguana but do no damage.
The iguana is moderately wounded.
The iguana bites you!
You puncture the iguana!
The iguana is severely wounded.
The iguana bites you.
You puncture the iguana!
You kill the iguana!
Fedhas appreciates your contribution to the ecosystem.
You barely miss the ogre. The ogre barely misses you.
You hit the ogre.
The ogre is lightly wounded.
The ogre hits you with a +0 giant club!
You barely miss the ogre.
The ogre is lightly wounded.
You puncture the ogre!
The ogre is moderately wounded.
The ogre closely misses you.
You puncture the ogre!
The ogre is almost dead.
The ogre hits you with a +0 giant club!
* * * LOW HITPOINT WARNING * * *
You hit the ogre but do no damage.
The ogre is almost dead.
You hit the ogre.
The ogre is almost dead.
The ogre hits you with a +0 giant club!
You die...
Fedhas appreciates your contribution to the ecosystem.

#######.#
#.......# #.#
#.# #.#
###++## #@#
)...... #O#
...?.
#.##..♣..♣.
##..'....(..
##.#.'.......
#.####..♣..♣.
##.#.#.......
#.<##.......
#.## ###++#


You could see an ogre.

Vanquished Creatures
  An ice beast (D:4)
  A phantom (D:5)
  A howler monkey (D:2)
  A hound (D:4)
  A jelly (D:5)
  5 iguanas
  Terence (D:3)
  An orc wizard (D:4)
  4 adders
  A dart slug (D:3)
  4 orcs
  5 ball pythons
  6 bats
  5 endoplasms
  4 giant cockroaches
  9 goblins
  8 hobgoblins
  9 jackals
  2 quokkas (D:4)
  4 frilled lizards
  10 kobolds
  4 rats
87 creatures vanquished.

Notes
Turn   | Place    | Note
-------+----------+-------------------------------------------
     0 | D:1      | vulpzor the Merfolk Gladiator began the quest for the Orb.
     0 | D:1      | Reached XP level 1. HP: 16/16 MP: 1/1
    23 | D:1      | Found Poim's Assorted Antiques.
   182 | D:1      | Reached XP level 2. HP: 23/23 MP: 2/2
   752 | D:1      | Reached XP level 3. HP: 27/28 MP: 3/3
   929 | D:2      | Identified the +2 chain mail "Mujiumadu" {SInv}
  1535 | D:2      | Reached XP level 4. HP: 31/35 MP: 4/4
  1542 | D:2      | Reached skill level 5 in Dodging
  1546 | D:2      | Reached skill level 5 in Polearms
  2033 | D:3      | Noticed Terence
  2048 | D:3      | Killed Terence
  2049 | D:3      | Reached XP level 5. HP: 33/41 MP: 5/5
  2163 | D:3      | Found a faded altar of an unknown god.
  2175 | D:3      | Prayed at the altar of an unknown god.
  2175 | D:3      | Became a worshipper of Fedhas Madash
  2175 | D:3      | Reached * piety under Fedhas
  2767 | D:4      | Reached ** piety under Fedhas
  3210 | D:4      | Reached XP level 6. HP: 40/48 MP: 6/6
  3762 | D:4      | Noticed an ice beast
  3780 | D:4      | Killed an ice beast
  4559 | D:4      | Reached XP level 7. HP: 54/54 MP: 7/7
  4667 | D:5      | Entered Level 5 of the Dungeon
  4729 | D:5      | Slain by an ogre

Illustrated notes

Levels and vault maps discovered:
D:1:      scummos_arrival_forest, layout_basic, serial_shops,
          nicolae_shop_overgrown_old_shop
D:2:      layout_rooms, serial_aquarium, aquarium_bridge_square
          [aquarium_subvault_wall, aquarium_subvault_bridge,
          aquarium_subvault_wall, aquarium_subvault_bridge],
          aquarium_bridge_square [aquarium_subvault_wall,
          aquarium_subvault_bridge, aquarium_subvault_wall,
          aquarium_subvault_bridge], aquarium_window_fake, aquarium_window_1,
          aquarium_view_2d, aquarium_view_2c, aquarium_balcony_5b,
          aquarium_pool_side, kennysheep_generic_room_2
D:3:      layout_loops_ring, hellmonk_ecumenical_altar_zigzags, minivault_11,
          uniq_terence
D:4:      wad_river_or_something, layout_basic, minmay_misc_feat_tiny
D:5:      layout_loops_ring, ebering_ghost_inner_flame,
          kennysheep_generic_room_5, uniq_duvessa

Skill      XL: |  1  2  3  4  5  6  7 |
---------------+----------------------+-----
Fighting       | 3 4 |  4.5
Dodging        | 5 6 |  6.4
Polearms       | 5 6 |  6.3
Throwing       | 3 4 |  4.2

Action                   |  1- 3 |  4- 6 |  7- 9 || total
-------------------------+-------+-------+-------++-------
Melee: Trident           |   156 |   180 |    24 ||   360
       Punch             |       |     3 |       ||     3
       Tailslap          |       |     1 |       ||     1
Armor: Leather armour    |     2 |       |       ||     2
       Ring mail         |    35 |       |       ||    35
       Chain mail        |    30 |    88 |     9 ||   127
Dodge: Dodged            |    84 |    75 |    11 ||   170

Table legend: (Time is in decaauts)
 A = Elapsed time spent in this place.
 B = Non-inter-level travel time spent in this place.
 C = Inter-level travel time spent in this place.
 D = Time resting spent in this place.
 E = Time spent auto-exploring this place.
 F = Levels seen in this place.
 G = Mean time per level.
                   A        B        C        D        E       F      G
               +--------+--------+--------+--------+--------+-----+--------+
         Total |   4732 |   4732 |      0 |    427 |   3053 |   5 |  946.4 |
       Dungeon |   4732 |   4732 |      0 |    427 |   3053 |   5 |  946.4 |
               +--------+--------+--------+--------+--------+-----+--------+

Top non-repeatable levels by time:
     D:4: 1939 daAuts
     D:2: 1075 daAuts
     D:1: 847 daAuts
     D:3: 807 daAuts
     D:5: 61 daAuts
